Unix NetHack Version 5.0.0-0 post-release - last build May 31 2026 23:59:36 (970b52f25bf058293b47ddfd14a1e40e571c508c,branch:main).

Game began 2026-06-09 18:02:44, ended 2026-06-09 18:12:48.

CyberFan, lawful female dwarven Archeologist

                   ----------------
   -----------     |..........>...|
   |.........| ####...............|
   |..........#####------------.---
   |.........|##  ##############0
   |.........|                 #
   |.........|                 #
   --+--------                 #
                          )#####
                         ##
                         #  ############## #             |
                   ########## -----------###        .....|
                    -----|-#  |.........|##              |
                    |.....|   -.........|##
                    |......   |.........|##
                    |..<..|   |.....@.d..##
                    |.....|   -----------##
                    -------

CyberFan the Field Worker  St:15 Dx:10 Co:14 In:16 Wi:14 Ch:8  Lawful
Dlvl:5  $:116 HP:0(30) Pw:5(5) AC:9  Xp:3/79 T:1695 

Latest messages:
 The giant ant bites!
 The giant ant bites!
 The little dog misses the giant ant.
 The giant ant bites!
 The little dog misses the giant ant.
 The giant ant bites!
 #
 What do you want to write with? [- agzAC or ?*]
 Your scroll of fire would get too dirty.
 The little dog misses the giant ant.
 The giant ant bites!
 The little dog misses the giant ant.
 The giant ant bites!
 The little dog misses the giant ant.
 What do you want to write with? [- agzAC or ?*]
 You write in the dust with your fingertip.
 The little dog misses the giant ant.
 The giant ant turns to flee.
 You hear some noises.
 With great effort you move the boulder.
 You kill the newt!
 There is a newt corpse here; eat it? [ynq] (n)
 This newt corpse tastes okay.
 You finish eating the newt corpse.
 You feel a mild buzz.
 In what direction?
 The door closes.
 In what direction?
 The door opens.
 You swap places with your little dog.
 You swap places with your little dog.
 The giant ant bites!
 You miss the giant ant.
 The giant ant bites!
 You hit the giant ant.
 The giant ant bites!
 You hit the giant ant.
 You knock the giant ant backward with a powerful strike!
 The giant ant bites!
 The giant ant bites!
 You miss the giant ant.
 The giant ant bites!
 The giant ant bites!
 You swap places with your little dog.
 The little dog misses it.
 You hit the gas spore.
 You kill the gas spore!
 Boom!
 You are caught in the gas spore's explosion!
 It is fatal.

Inventory:
 Coins    ('$')
  $ - 116 gold pieces
 Weapons  (')')
  a - an uncursed +2 bullwhip (alternate weapon; not wielded)
 Armor    ('[')
  c - an uncursed +0 fedora (being worn)
  b - a blessed +0 leather jacket (being worn)
 Comestibles  ('%')
  d - 4 uncursed food rations
  o - an uncursed lembas wafer
 Scrolls  ('?')
  n - an uncursed scroll of blank paper
  i - a cursed scroll of confuse monster
  E - an uncursed scroll of fire
 Potions  ('!')
  D - a blessed potion of gain ability
  u - a cursed potion of gain ability
  p - an uncursed potion of gain energy
  y - an uncursed potion of healing
  w - an uncursed potion of oil
 Rings    ('=')
  A - a cursed ring of polymorph
  z - an uncursed ring of shock resistance
 Tools    ('(')
  h - an empty uncursed sack
  e - an uncursed +0 pick-axe (weapon in right hand)
  f - an uncursed tinning kit (0:78)
 Gems/Stones  ('*')
  C - an uncursed amethyst stone
  g - an uncursed touchstone

CyberFan the Archeologist's attributes:

Background:
 You were a Field Worker, a level 3 female dwarven Archeologist.
 You were lawful, on a mission for Quetzalcoatl
 who was opposed by Camaxtli (neutral) and Huhetotl (chaotic).
 You were right-handed.
 You were in the Dungeons of Doom, on level 5.
 You entered the dungeon 1695 turns ago.
 You had 79 experience points, 1 more was needed to attain level 4.

Basics:
 You had 0 out of 30 hit points.
 You had all 5 energy points (spell power).
 Your armor class was 9.
 Your wallet contained 116 zorkmids.
 Autopickup was on for '$%?!"=/*' plus thrown, with exceptions.

Final Characteristics:
 Your strength was 15 (limit:18/100).
 Your dexterity was 10 (limit:20).
 Your constitution was 14 (limit:20).
 Your intelligence was 16 (limit:16).
 Your wisdom was 14 (limit:16).
 Your charisma was 8 (limit:16).

Final Status:
 You weren't hungry.
 You were unencumbered.
 You were wielding a pick-axe.
 You had basic skill with pick-axe.

Final Attributes:
 You were devoutly aligned.
 You had automatic searching.
 You had infravision.
 You were lucky.
 You are dead.

Miscellaneous:
 You disabled loading and storing of bones levels.
 Total elapsed playing time was 10 minutes and 3 seconds.

Major events:
 Turn
    1: CyberFan the lawful female dwarven Archeologist entered the dungeon
  830: entered the Gnomish Mines
  936: attained the rank of Field Worker (level 3)
 1695: killed by a gas spore's explosion

You didn't know any spells.

Skills:
 Fighting Skills
   bare handed combat [Unskilled]
   two weapon combat  [Unskilled]
   riding             [Unskilled]
 Weapon Skills
   dagger             [Unskilled]
   knife              [Unskilled]
   pick-axe           [Basic]
   short sword        [Unskilled]
   saber              [Unskilled]
   club               [Unskilled]
   quarterstaff       [Unskilled]
   sling              [Unskilled]
   dart               [Unskilled]
   boomerang          [Unskilled]
   whip               [Basic]
   unicorn horn       [Unskilled]
 Spellcasting Skills
   attack spells      [Unskilled]
   healing spells     [Unskilled]
   divination spells  [Unskilled]
   matter spells      [Unskilled]

Voluntary challenges:
 Character rerolling was not enabled.
 You never genocided any monsters.
 You never polymorphed an object.
 You never changed form.
 You used no wishes.
Achievements:
 You entered a shop.
 You entered the Gnomish Mines.
 You attained the rank of Field Worker.

 The Dungeons of Doom: levels 1 to 6
    Level 1:
       A fountain.
    Level 2:
       A weapon shop, a sink.
    Level 3:
       A fountain, a grave.
       Stairs down to The Gnomish Mines.
    Level 4:
       Some altars, some fountains.
    Level 5: <- You were here.
       Final resting place for
          you, killed by a gas spore's explosion.
    Level 6:
       A fountain.
 The Gnomish Mines:
    Level 4:


Vanquished creatures:
  a kitten
 an orc zombie
  a dwarf zombie
  a wererat
  2 iguanas
  a gas spore
  a hobgoblin
  a giant rat
  2 yellow molds
  3 geckos
  2 jackals
  a fox
  a kobold
  a sewer rat
  4 grid bugs
  3 bats
  4 lichens
  6 newts
36 creatures vanquished.

No species were genocided or became extinct.

Game over:
                       ----------
                      /          \
                     /    REST    \
                    /      IN      \
                   /     PEACE      \
                  /                  \
                  |     CyberFan     |
                  |      116 Au      |
                  | killed by a gas  |
                  |     spore's      |
                  |    explosion     |
                  |                  |
                  |       2026       |
                 *|     *  *  *      | *
        _________)/\\_//(\/(/\)/\//\/|_)_______

Goodbye CyberFan the Archeologist...

You died in The Dungeons of Doom on dungeon level 5 with 681 points,
and 116 pieces of gold, after 1695 moves.
You were level 3 with a maximum of 30 hit points when you died.

